 Dungeon Crawl Stone Soup version 0.29-a0-824-gd827844252 (webtiles) character file.

Game seed: 11420973469878524868

6 jokujoka the Trooper (level 1, 20/20 HPs)
             Began as a Hill Orc Fighter on Sept 13, 2021.
             Quit the game on level 1 of the Dungeon on July 9, 2022.
             The game lasted 00:02:55 (394 turns).

jokujoka the Trooper (Hill Orc Fighter)              Turns: 394, Time: 00:02:56

Health: 20/20      AC:  6    Str: 18    XL:     1   Next: 90%
Magic:  1/1        EV:  9    Int:  8    God:
Gold:   16         SH:  4    Dex: 10    Spells: 0/0 levels left

rFire   . . .      SeeInvis .   a - +0 war axe
rCold   . . .      Faith    .   c - +0 buckler
rNeg    . . .      Spirit   .   b - +0 scale mail
rPois   .          Reflect  .   (no helmet)
rElec   .          Harm     .   (no cloak)
rCorr   .          Rampage  .   (no gloves)
Will    .....                   (no boots)
Stlth   ..........              (no amulet)
HPRegen 0.06/turn               (no ring)
MPRegen 0.07/turn               (no ring)

@: no status effects
A: no striking features
a: no special abilities


You were on level 1 of the Dungeon.
You visited 1 branch of the dungeon, and saw 1 of its levels.

You collected 16 gold pieces.

Inventory:

Hand Weapons
 a - a +0 war axe (weapon)
Missiles
 e - 2 boomerangs (quivered)
Armour
 b - a +0 scale mail (worn)
 c - a +0 buckler (worn)
Scrolls
 f - a scroll of identify {unknown}
Potions
 d - a potion of might


   Skills:
 + Level 3.7 Fighting
 + Level 2.9 Axes
 + Level 3.4 Armour
 + Level 3.4 Shields


You couldn't memorise any spells.
You didn't know any spells.
Your spell library was empty.

Dungeon Overview and Level Annotations

Branches:
Dungeon (1/15)

Altars:


Message History

An endoplasm comes into view.
The endoplasm quivers.
You see here a bat corpse.
A ball python comes into view.
Found 12 gold pieces.
Found 13 gold pieces.
You block the kobold's attack.
You see here a scroll labelled ERGHUF TUTI.
Found 5 gold pieces.
The endoplasm hits you. You block the kobold's attack.
You slash the kobold!
You kill the kobold!
You hit the endoplasm. The endoplasm freezes you.
You are frozen.
The endoplasm freezes you.
You are frozen.
You hit the endoplasm.
The endoplasm is severely wounded.
The endoplasm freezes you.
You are frozen.
* * * LOW HITPOINT WARNING * * *
The ball python bites you but does no damage.
The ball python grabs you. The ball python constricts you.
You hit the endoplasm.
You kill the endoplasm!
You hit the ball python.
You kill the ball python!
Found a stone staircase leading down.
You start resting.
HP restored.
Things that are here:
a +0 whip; a ball python skeleton Welcome back, jokujoka the Hill Orc Fighter.
Press ? for a list of commands and other information.
f - a scroll labelled ERGHUF TUTI
Things that are here:
a +0 whip; a ball python skeleton You now have 16 gold pieces (gained 13).
Welcome back, jokujoka the Hill Orc Fighter.
Press ? for a list of commands and other information.
Are you sure you want to abandon this character and quit the game? (Confirm with "yes".)

#........##.............#.
#........##########...#..[
#........##########....†..
#.........................
#.........................
#.....÷..########.........
#........# #.........
####.).##########.........
#######.....@............####
.................######..#...
.........#.......# #..'.⌠.
.........#..............##...
.........$.......######. ##.#
.>...............# ## #.#
.........$######## ##.#
#######...# #... ##..# #.⌠.


There were no monsters in sight!

Vanquished Creatures
  A bat (D:1)
  2 endoplasms (D:1)
  A ball python (D:1)
  A frilled lizard (D:1)
  A kobold (D:1)
6 creatures vanquished.

Notes
Turn   | Place    | Note
-------+----------+-------------------------------------------
     0 | D:1      | jokujoka the Hill Orc Fighter began the quest for the Orb.
     0 | D:1      | Reached XP level 1. HP: 19/19 MP: 1/1
   386 | D:1      | Upgraded the game from 0.28-a0-445-g51f8dfeb47 to
                  | 0.28-a0-464-g0687ed57fd
   394 | D:1      | Upgraded the game from 0.28-a0-464-g0687ed57fd to
                  | 0.29-a0-824-gd827844252
   394 | D:1      | Quit the game

Illustrated notes

Levels and vault maps discovered:
D:1:      minmay_arrival_nine_rooms, layout_rooms, minmay_close_crescents

Action                   || total
-------------------------++-------
Melee: War axe           ||    13
Armor: Scale mail        ||     8
Dodge: Dodged            ||    11
Block: Buckler           ||     6

Table legend: (Time is in decaauts)
 A = Elapsed time spent in this place.
 B = Non-inter-level travel time spent in this place.
 C = Inter-level travel time spent in this place.
 D = Time resting spent in this place.
 E = Time spent auto-exploring this place.
 F = Levels seen in this place.
 G = Mean time per level.
                   A        B        C        D        E       F      G
               +--------+--------+--------+--------+--------+-----+--------+
         Total |    399 |    393 |      6 |    251 |      1 |   1 |  399.0 |
       Dungeon |    399 |    393 |      6 |    251 |      1 |   1 |  399.0 |
               +--------+--------+--------+--------+--------+-----+--------+

Top non-repeatable levels by time:
     D:1: 399 daAuts
